 Dungeon Crawl Stone Soup version 0.25-a0-577-ga4619f409e (webtiles) character file.

Game seed: 6054784571751069334, levelgen mode: deterministic

7085 Flugslaktarn the Cleaver (level 10, -14/136 HPs)
             Began as a Minotaur Fighter on Mar 3, 2020.
             Was a Priest of Makhleb.
             Killed from afar by Erolcha (21 damage)
             ... with a bolt of lightning
             ... on level 9 of the Dungeon.
             The game lasted 00:04:37 (7819 turns).

Flugslaktarn the Cleaver (Minotaur Fighter)         Turns: 7819, Time: 00:04:38

Health: -14/136    AC: 25    Str: 25    XL:     10   Next: 84%
Magic:  5/13       EV:  2    Int:  5    God:    Makhleb [***...]
Gold:   526        SH: 12    Dex:  9    Spells: 9/9 levels left

rFire    . . .     SeeInvis .   f - +0 war axe (freeze)
rCold    . . .     Gourm    .   c - +0 kite shield
rNeg     + + +     Faith    .   (armour currently unavailable)
rPois    +         Spirit   .   (helmet currently unavailable)
rElec    .         Reflect  .   (cloak currently unavailable)
rCorr    +         Harm     .   (gloves currently unavailable)
MR       .....     NoTele   +   (boots currently unavailable)
Stlth    +.........             (no amulet)
HPRegen  0.32/turn              k - ring of resist corrosion
MPRegen  0.13/turn              (no ring)

@: tree-form
A: (retaliatory headbutt)
a: Minor Destruction, Lesser Servant of Makhleb, Renounce Religion


You were on level 9 of the Dungeon.
You worshipped Makhleb.
Makhleb was most pleased with you.
You were not hungry.
You were a tree.
You visited 2 branches of the dungeon, and saw 10 of its levels.
You visited the Abyss 1 time.
You also visited: Sewer.

You collected 526 gold pieces.

Inventory:

Hand Weapons
 a - a +0 war axe
 f - a +0 war axe of freezing (weapon)
   (You found it on level 5 of the Dungeon)
 n - a +1 broad axe
   (You found it on level 4 of the Dungeon)
 D - a +1 scimitar of flaming
   (You took it off Erica on level 8 of the Dungeon)
Armour
 c - a +0 kite shield (worn)
 o - a scarf of spirit shield (melded)
   (You found it on level 4 of the Dungeon)
 t - a +2 chain mail of magic resistance
   (You found it on level 2 of the Abyss)
 y - a +0 chain mail (melded)
   (You found it on level 5 of the Dungeon)
 B - a +0 cloak of magic resistance
   (You took it off Crazy Yiuf on level 3 of the Dungeon)
Jewellery
 b - an uncursed ring of ice
   (You found it on level 8 of the Dungeon)
 k - a ring of resist corrosion (left branch)
   (You found it on level 8 of the Dungeon)
 x - an uncursed ring of protection from magic {unknown}
   (You found it on level 8 of the Dungeon)
Wands
 E - a wand of paralysis (10)
   (You found it on level 7 of the Dungeon)
Scrolls
 j - 2 scrolls of immolation
 l - a scroll of fog
 p - 2 scrolls of enchant armour
 r - a scroll of identify
 s - 2 scrolls of enchant weapon
 C - 2 scrolls of summoning
Potions
 d - a potion of might
 g - 2 potions of cancellation
 h - 2 potions of haste
 i - 3 potions of flight
 q - 5 potions of curing
 u - 5 potions of lignification
 v - a potion of stabbing
 z - a potion of magic {unknown}
 A - a potion of mutation {unknown}
 F - a potion of berserk rage {unknown}
Comestibles
 e - 20 rations


   Skills:
 + Level 9.1 Fighting
 * Level 12.0 Axes
 + Level 9.1 Armour
 + Level 9.2 Shields
 + Level 5.7 Invocations


You had 9 spell levels left.
You didn't know any spells.
Your spell library was empty.

Dungeon Overview and Level Annotations

Branches:
Dungeon (9/15)             Temple (1/1) D:5             Orc (0/2) D:9
  Sewer (visited)
   Lair: D:8-11

Altars:
Ashenzari
Dithmenos
Fedhas
Gozag
Hepliaklqana
Kikubaaqudgha
Makhleb
Nemelex Xobeh
Okawaru
Ru
Sif Muna
Trog
Uskayaw
Vehumet
Wu Jian
Xom
Yredelemnul
Zin

Shops:
D:5 [   D:9 !(

Annotations:
D:9 Erolcha


Innate Abilities, Weirdness & Mutations

((You reflexively headbutt those who attack you in melee.))
((You have a pair of horns on your head.))
((You are partially covered in thin metallic scales. (AC +2)))


Message History

Okay, then.
Really quaff the potion of lignification?
You turn into a tree.
Your scarf of spirit shield melds into your body.
Your +0 chain mail melds into your body.
You feel strangely alone.
Your roots penetrate the ground.
Something hits you but does no damage.
You barely miss something. Something hits you!!
* * * LOW HITPOINT WARNING * * *
You closely miss something. You barely miss something.
You hear a zap.
A puff of flame appears from out of thin air!
The puff of flame hits you!
* * * LOW HITPOINT WARNING * * *
You barely miss something.
You hear some strange, mumbled words.
A bolt of lightning appears from out of thin air!
The bolt of lightning hits you!!
You die...

##############
#....∩{♣...†.#
#......#.#.#.#
#......#.#.#.#
#......#.#.#.#
#......#.#.#.#
.......#.#.#.#.#
#......#.#.#.#.#
#.######.#.#.#.######
#...#.#....#


There were no monsters in sight!

Vanquished Creatures
  A rakshasa (Abyss:2)
  Erica (D:8)
  Maggie (D:9)
  2 raiju
  A hippogriff (D:9)
  A spriggan (D:7)
  A small abomination (Abyss:2)
  A neqoxec (Abyss:2)
  A hornet zombie (D:7)
  3 orc warriors
  An ice beast (D:7)
  Purgy (Sewer)
  4 sky beasts
  A phantom (D:7)
  4 large abominations (Abyss:2)
  A black bear (D:7)
  5 centaurs
  2 ogres
  2 big kobolds
  5 bullfrogs
  A wyvern skeleton (D:6)
  3 scorpions
  A howler monkey (D:9)
  4 wights (D:8)
  5 crimson imps
  2 centaur zombies
  3 jellies
  10 orc wizards
  5 hounds
  3 orc priests
  Crazy Yiuf (D:3)
  An iron imp (Abyss:2)
  2 worker ants (D:6)
  5 iguanas
  A killer bee zombie (D:6)
  The ghost of Flugslaktarn the Shield-Bearer, a weakling DDFi (D:4)
  A hound skeleton (D:7)
  A worker ant zombie (D:5)
  Robin (D:2)
  6 adders
  A river rat (D:5)
  2 oozes
  3 adder zombies
  An adder skeleton (D:8)
  A worm (D:5)
  4 leopard geckos
  28 orcs
  6 giant cockroaches
  12 goblins
  3 hobgoblins
  3 jackals
  13 kobolds
  7 quokkas
  4 ball pythons
  A frilled lizard (D:3)
  A giant cockroach zombie (D:6)
  A jackal zombie (D:8)
  9 rats
  3 fungi (D:3)
199 creatures vanquished.

Notes
Turn   | Place    | Note
-------+----------+-------------------------------------------
     0 | D:1      | Flugslaktarn the Minotaur Fighter began the quest for the
                  | Orb.
     0 | D:1      | Reached XP level 1. HP: 19/19 MP: 0/0
   109 | D:2      | Noticed Robin
   111 | D:2      | Reached XP level 2. HP: 24/27 MP: 1/1
   115 | D:2      | Reached skill level 3 in Axes
   120 | D:2      | Killed Robin
   120 | D:2      | Reached XP level 3. HP: 15/33 MP: 2/2
   642 | D:3      | Found a runed translucent door.
   643 | D:3      | Noticed Crazy Yiuf
   702 | D:3      | Killed Crazy Yiuf
   702 | D:3      | Reached XP level 4. HP: 22/40 MP: 3/3
   750 | D:4      | Reached skill level 4 in Axes
  1362 | D:4      | Reached XP level 5. HP: 45/47 MP: 4/4
  1377 | D:4      | Found a runed translucent door.
  1381 | D:4      | Noticed Flugslaktarn's ghost (weakling DDFi)
  1424 | D:4      | Found a glowing golden altar of the Shining One.
  1426 | D:4      | Found a shimmering altar of Xom.
  1426 | D:4      | Found a burning altar of Makhleb.
  1429 | D:4      | Found a hide-covered altar of Uskayaw.
  1429 | D:4      | Found a burning altar of Makhleb.
  1429 | D:4      | Found a sacrificial altar of Ru.
  1806 | D:4      | Killed Flugslaktarn's ghost
  1845 | D:5      | Entered Level 5 of the Dungeon
  1849 | D:5      | Found a glowing drain.
  1850 | D:5      | Found Koaf's Armour Boutique.
  1866 | D:5      | Reached skill level 5 in Axes
  1884 | D:5      | Reached XP level 6. HP: 18/55 MP: 1/5
  1897 | D:5      | Reached skill level 5 in Shields
  1915 | Sewer    | Entered a sewer
  2181 | Sewer    | Noticed Purgy
  2194 | Sewer    | Killed Purgy
  2194 | Sewer    | Reached skill level 5 in Fighting
  2194 | Sewer    | Reached skill level 5 in Armour
  2332 | D:5      | Found a staircase to the Ecumenical Temple.
  2348 | D:5      | Reached skill level 6 in Axes
  2348 | D:5      | Reached XP level 7. HP: 42/61 MP: 4/6
  2394 | Temple   | Entered the Ecumenical Temple
  2523 | Temple   | Became a worshipper of Makhleb the Destroyer
  3398 | D:6      | Reached skill level 7 in Axes
  3398 | D:6      | Reached skill level 1 in Invocations
  3459 | D:6      | Reached XP level 8. HP: 70/70 MP: 6/8
  3797 | D:6      | Reached skill level 8 in Axes
  3877 | D:6      | Reached * piety under Makhleb
  4936 | D:7      | Reached XP level 9. HP: 73/78 MP: 10/10
  5036 | D:7      | Reached skill level 9 in Axes
  5960 | D:8      | Reached skill level 10 in Axes
  6124 | D:8      | Reached ** piety under Makhleb
  6570 | D:8      | Noticed Erica
  6577 | D:8      | Killed Erica
  6577 | D:8      | Reached XP level 10. HP: 88/88 MP: 12/12
  6893 | D:9      | Noticed Maggie
  6914 | D:9      | Killed Maggie
  6914 | D:9      | Reached skill level 11 in Axes
  7290 | D:9      | Reached skill level 5 in Invocations
  7371 | D:9      | Found Kung's Weapon Boutique.
  7373 | D:9      | Found a staircase to the Orcish Mines.
  7526 | D:9      | Found Ylerran's Distillery.
  7527 | D:9      | Noticed Erolcha
  7528 | D:9      | Cast into level 2 of the Abyss (Erolcha)
  7574 | Abyss:2  | Gained mutation: You are partially covered in thin metallic
                  | scales. (AC +2) [a neqoxec]
  7625 | Abyss:2  | HP: 4/90 [large abomination (19)]
  7632 | Abyss:2  | HP: 3/90 [large abomination (33)]
  7661 | Abyss:2  | Noticed a rakshasa
  7671 | Abyss:2  | Killed a rakshasa
  7679 | Abyss:2  | Reached *** piety under Makhleb
  7746 | Abyss:2  | Noticed a wretched star
  7803 | D:9      | Escaped the Abyss
  7805 | D:9      | Reached skill level 12 in Axes
  7819 | D:9      | Killed from afar by Erolcha

Levels and vault maps discovered:
D:1:      tarquinn_simple_flora_water_c, layout_basic
D:2:      layout_loops_ring, lemuel_coloured_pillars_altar,
          kennysheep_nondescript, uniq_sigmund, uniq_robin
D:3:      layout_rooms, uniq_crazy_yiuf_cottage
D:4:      layout_loops_ring, first_ration, ebering_ghost_inner_flame,
          doesnt_xom_only_xom
D:5:      layout_loops_ring, minmay_temple_entry_offerings,
          portal_sewer_entry_a, serial_shops, shop
D:6:      layout_basic
D:7:      layout_gridville, the_bakery
D:8:      minmay_skewed_foursquare, layout_basic, uniq_erica
D:9:      layout_basic, orc_david_3, serial_shops, shop, hive_lemuel,
          uniq_erolcha, uniq_maggie
Temple:   nicolae_temple_the_god_donut

Skill      XL: |  1  2  3  4  5  6  7  8  9 10 |
---------------+-------------------------------+-----
Axes           | 3 4 5 6 7 8 10 12 | 12.0
Shields        | 4 5 6 7 8 9 |  9.2
Fighting       | 4 5 6 8 9 |  9.1
Armour         | 4 5 6 7 8 9 |  9.1
Invocations    | 1 3 4 5 |  5.7

Action                   |  1- 3 |  4- 6 |  7- 9 | 10-12 || total
-------------------------+-------+-------+-------+-------++-------
Melee: War axe           |    67 |    36 |   319 |   136 ||   558
       Headbutt          |    10 |    18 |    48 |    31 ||   107
       Broad axe         |       |    60 |       |       ||    60
  Use: Scroll            |       |     6 |     6 |     4 ||    16
       Potion            |       |       |       |     8 ||     8
  Eat: Chunk             |       |     2 |    10 |     4 ||    16
       Ration            |       |     1 |     1 |       ||     2
Armor: Scale mail        |    18 |    58 |    13 |       ||    89
       Chain mail        |       |       |   101 |    28 ||   129
       Skin              |       |       |       |     1 ||     1
Dodge: Dodged            |    19 |    37 |    50 |    32 ||   138
Block: Kite shield       |    31 |    81 |   158 |    41 ||   311

Table legend:
 A = Non-vault XP
 B = Vault XP
 C = Vault XP percentage of total XP
 D = Non-vault monster count
 E = Vault monster count
 F = Vault count percentage of total count
                 A         B        C        D         E       F
            +---------+---------+-------+---------+---------+-------
      Total |    8122 |    2000 |  19.8 |     159 |      37 |  18.9
            +---------+---------+-------+---------+---------+-------
        D:1 |       8 |       0 |   0.0 |       5 |       0 |   0.0
        D:2 |       6 |      32 |  84.2 |       4 |      11 |  73.3
        D:3 |      21 |      40 |  65.6 |      10 |       1 |   9.1
        D:4 |     137 |      27 |  16.5 |       8 |       2 |  20.0
        D:5 |     654 |      19 |   2.8 |      25 |       7 |  21.9
        D:6 |    1216 |       0 |   0.0 |      25 |       0 |   0.0
        D:7 |    1207 |     220 |  15.4 |      23 |       1 |   4.2
        D:8 |     993 |    1096 |  52.5 |      29 |       4 |  12.1
        D:9 |    1330 |     427 |  24.3 |      21 |       5 |  19.2
    Abyss:2 |    2550 |       0 |   0.0 |       9 |       0 |   0.0
      Sewer |       0 |     139 | 100.0 |       0 |       6 | 100.0
            +---------+---------+-------+---------+---------+-------
